 Dungeon Sprint DCSS version 0.22-a0-224-g8cf3520 (webtiles) character file.

943 pokedragonboy the Basher (level 7, 0/73 HPs)
             Began as a Minotaur Fighter on Feb 19, 2018.
             Was a Follower of Okawaru.
             Slain by a hellwing (7 damage)
             ... summoned by a kobold demonologist
             ... in the Dungeon (Sprint I: "Red Sonja") on Feb 20, 2018.
             The game lasted 00:03:43 (755 turns).

pokedragonboy the Basher (Minotaur Fighter)          Turns: 755, Time: 00:03:44

Health: 0/73       AC: -15   Str: 22      XL:     7   Next: 88%
Magic:  9/9        EV:  7    Int:  5      God:    Okawaru [*.....]
Gold:   270        SH:  9    Dex:  9 (10) Spells: 6/6 levels left

rFire    . . .     SeeInvis .   a - +0 flail
rCold    . . .     Gourm    .   c - +0 shield
rNeg     . . .     Faith    .   b - +0 scale mail
rPois    .         Spirit   .   (helmet restricted)
rElec    .         Reflect  .   (no cloak)
rCorr    .         Harm     .   (no gloves)
MR       .....     NoTele   +   (no boots)
Stlth    ..........             (no amulet)
HPRegen  0.22/turn              (no ring)
MPRegen  0.11/turn              (no ring)

@: corroded
A: retaliatory headbutt, horns 2
a: Heroism, Renounce Religion


You were in the Dungeon.
You worshipped Okawaru.
Okawaru was aware of your devotion.
You were not hungry.

You visited 1 branch You collected 270 gold pieces.

Inventory:

Hand Weapons
 a - a +0 flail (weapon)
Armour
 b - a +0 scale mail (worn)
 c - a +0 shield (worn)
Wands
 e - a wand of flame (26)
 l - a wand of polymorph (4)
Scrolls
 k - a scroll of blinking
Potions
 d - a potion of might
 h - a potion of haste
 i - 2 potions of magic
 j - a potion of berserk rage
Comestibles
 f - 3 rations


   Skills:
 + Level 10.6 Fighting
 * Level 13.7 Maces & Flails
 + Level 10.6 Armour
 - Level 3.6 Shields
 + Level 4.2 Invocations


You had 6 spell levels left.
You didn't know any spells.

Dungeon Overview and Level Annotations

Branches:
Dungeon (1/1)

Altars:
Cheibriados
Dithmenos
Elyvilon
Fedhas
Gozag
Hepliaklqana
Kikubaaqudgha
Makhleb
Nemelex Xobeh
Okawaru
Qazlal
Ru
Sif Muna
Trog
Uskayaw
Vehumet
Wu Jian
Xom
Yredelemnul
Zin
The Shining One
Jiyva
Lugonu

Shops:
D =


Innate Abilities, Weirdness & Mutations

You reflexively headbutt those who attack you in melee.
You have a pair of horns on your head.


Message History

The crimson imp lashes its tail.
You block the kobold demonologist's attack.
Unknown command.
You closely miss the kobold demonologist.
The kobold demonologist is lightly wounded.
The hellwing swoops through the air toward you!
The hellwing hits you!
* * * LOW HITPOINT WARNING * * *
You block the hellwing's attack.
You hit the kobold demonologist but do no damage.
The kobold demonologist is lightly wounded.
The crimson imp disappears in a puff of smoke!
The kobold demonologist barely misses you.
Unknown command.
You hit the kobold demonologist but do no damage.
The kobold demonologist is lightly wounded.
The hellwing hits you!
* * * LOW HITPOINT WARNING * * *
The hellwing hits you!
You die...

#########################
<.#.)'..#..'..#__#§.')..#
.['..#..').#..'4@K5.#...#
..#####'#####'#__####...+
..####..# #.#### ####
..#__#### ##.#
..#_____##+#_.+
⌠⌠#_.∩...'..._#
###_..__##_.#+#
#_____###+# #######


You could see a hellwing, a kobold demonologist and an ufetubus.

Vanquished Creatures
  A kobold demonologist (D)
  A slime creature (D)
  A yak (D)
  A naga (D)
  A floating eye (D)
  An ogre (D)
  A jelly (D)
  Ijyb (D)
8 creatures vanquished.

Notes
Turn   | Place    | Note
-------+----------+-------------------------------------------
     0 | D        | pokedragonboy the Minotaur Fighter began the quest for the Orb.
     0 | D        | Reached XP level 1. HP: 19/19 MP: 0/0
     2 | D        | Noticed Ijyb
    30 | D        | Killed Ijyb
    30 | D        | Reached skill level 5 in Fighting
    30 | D        | Reached skill level 5 in Maces & Flails
    30 | D        | Reached skill level 5 in Armour
    30 | D        | Reached XP level 2. HP: 28/29 MP: 1/1
    41 | D        | Noticed an ogre
    51 | D        | Killed an ogre
    51 | D        | Reached skill level 8 in Maces & Flails
    51 | D        | Reached XP level 3. HP: 3/38 MP: 2/2
    51 | D        | Reached XP level 4. HP: 4/45 MP: 3/3
   335 | D        | Noticed Sigmund
   336 | D        | Noticed Sigmund
   336 | D        | Sigmund changed into Sigmund the naga
   342 | D        | Killed Sigmund the naga
   342 | D        | Reached skill level 10 in Maces & Flails
   342 | D        | Reached XP level 5. HP: 20/53 MP: 4/4
   565 | D        | Found an ornate altar of the Wu Jian Council.
   565 | D        | Found a deep blue altar of Sif Muna.
   567 | D        | Found a radiant altar of Vehumet.
   581 | D        | Found Tayseumm's Jewellery Emporium.
   581 | D        | Found an ancient bone altar of Kikubaaqudgha.
   581 | D        | Found a hazy altar of Hepliaklqana.
   581 | D        | Found a stormy altar of Qazlal.
   581 | D        | Found a hide-covered altar of Uskayaw.
   581 | D        | Found a blossoming altar of Fedhas.
   581 | D        | Found a bloodstained altar of Trog.
   581 | D        | Found an iron altar of Okawaru.
   581 | D        | Found a basalt altar of Yredelemnul.
   581 | D        | Found a glowing golden altar of the Shining One.
   581 | D        | Found a snail-covered altar of Cheibriados.
   581 | D        | Found a sacrificial altar of Ru.
   581 | D        | Found a glowing silver altar of Zin.
   581 | D        | Found a shadowy altar of Dithmenos.
   581 | D        | Found a white marble altar of Elyvilon.
   581 | D        | Noticed a yak
   589 | D        | Killed a yak
   589 | D        | Reached skill level 11 in Maces & Flails
   589 | D        | Reached XP level 6. HP: 61/63 MP: 5/5
   590 | D        | Found an opulent altar of Gozag.
   591 | D        | Found a sparkling altar of Nemelex Xobeh.
   598 | D        | Became a worshipper of Warmaster Okawaru
   615 | D        | Found a burning altar of Makhleb.
   615 | D        | Found a viscous altar of Jiyva.
   615 | D        | Found a shimmering altar of Xom.
   615 | D        | Found a corrupted altar of Lugonu.
   615 | D        | Noticed a slime creature
   622 | D        | Killed a slime creature
   622 | D        | Reached skill level 12 in Maces & Flails
   622 | D        | Reached XP level 7. HP: 67/71 MP: 5/7
   698 | D        | Noticed a kobold demonologist
   701 | D        | Paralysed by a floating eye for 4 turns
   706 | D        | Reached * piety under Okawaru
   706 | D        | Reached skill level 10 in Fighting
   706 | D        | Reached skill level 13 in Maces & Flails
   706 | D        | Reached skill level 10 in Armour
   708 | D        | Noticed a kobold demonologist
   721 | D        | Noticed a rust devil
   733 | D        | Noticed a hellwing
   735 | D        | Noticed an ice devil
   735 | D        | Killed a kobold demonologist
   755 | D        | Slain by a hellwing

Vault maps used:
D:        dungeon_sprint_1

Skill      XL: |  1  2  3  4  5  6  7 |
---------------+----------------------+-----
Fighting       | 5 6 7 9 10 | 10.6
Maces & Flails | 5 8 10 11 12 13 | 13.7
Armour         | 5 6 7 9 10 | 10.6
Invocations    | 2 4 |  4.2
Shields        | |  3.6

Action                   |  1- 3 |  4- 6 |  7- 9 || total
-------------------------+-------+-------+-------++-------
Melee: Unarmed           |    24 |       |       ||    24
       Flail             |     8 |    21 |    45 ||    74
       Headbutt          |       |     7 |     6 ||    13
Evoke: Wand              |       |     1 |     1 ||     2
  Use: Potion            |     1 |       |     1 ||     2
Armor: Skin              |     1 |       |       ||     1
       Scale mail        |       |     2 |    63 ||    65
Dodge: Dodged            |    17 |     5 |    34 ||    56
Block: Shield            |     3 |     5 |    38 ||    46

Table legend:
 A = Spawn XP
 B = Non-spawn XP
 C = Spawn XP percentage of total XP
 D = Spawn monster count
 E = Non-spawn monster count
 F = Spawn count percentage of total count
 G = Total turns spent on level
                    A         B        C        D         E        F      G
               +---------+---------+-------+---------+---------+-------+---------
         Total |       0 |    1348 |   0.0 |       0 |       8 |   0.0 |   755
               +---------+---------+-------+---------+---------+-------+---------
             D |       0 |    1348 |   0.0 |       0 |       8 |   0.0 |   755
               +---------+---------+-------+---------+---------+-------+---------
